 Dungeon Crawl Stone Soup version 0.25-a0-100-g33052ceff8 (console) character file.

Game seed: 2598510463601279453, levelgen mode: deterministic

517 Kagalorn the Quickloader (level 7, -10/56 HPs)
             Began as a Gnoll Hunter on Nov 15, 2019.
             Killed from afar by an electric eel (13 damage)
             ... with a bolt of electricity
             ... on level 6 of the Dungeon.
             The game lasted 00:10:59 (3463 turns).

Kagalorn the Quickloader (Gnoll Hunter)             Turns: 3463, Time: 00:11:00

Health: -10/56     AC:  6    Str: 15    XL:     7   Next: 20%
Magic:  10/10      EV: 12    Int: 15    God:
Gold:   190        SH:  0    Dex: 15    Spells: 10/10 levels left

rFire    . . .     SeeInvis .   a - +1 hand crossbow
rCold    . . .     Gourm    .   (no shield)
rNeg     . . .     Faith    .   i - +0 scale mail
rPois    .         Spirit   .   (no helmet)
rElec    .         Reflect  .   (no cloak)
rCorr    .         Harm     .   (no gloves)
MR       .....                  (no boots)
Stlth    +.........             (no amulet)
HPRegen  0.18/turn              (no ring)
MPRegen  0.12/turn              (no ring)

@: very slow
A: distributed training, fangs 1, strong nose
a: no special abilities


You were on level 6 of the Dungeon.
You were not hungry.

You visited 2 branches of the dungeon, and saw 5 of its levels.

You collected 190 gold pieces.

Inventory:

Hand Weapons
 a - a +1 hand crossbow (weapon)
 b - a +0 quarterstaff
 n - a +0 war axe of freezing
 t - the +8 hunting sling of Wu Jian's Hope {speed, rC+, unknown}
   (You found it on level 6 of the Dungeon)

   Attacks with this weapon are significantly faster.
   It protects you from cold.
 x - a +0 short sword
Missiles
 c - 12 arrows
 d - 30 bolts (quivered)
 g - 2 curare-tipped darts
 q - 64 stones
 s - 36 poisoned darts
Armour
 i - a +0 scale mail (worn)
Jewellery
 o - an uncursed amulet of faith {unknown}
 u - an uncursed ring of poison resistance {unknown}
Wands
 v - a wand of acid (9)
Scrolls
 e - 5 scrolls of teleportation {unknown}
 h - 4 scrolls of identify {unknown}
 j - a scroll of enchant weapon {unknown}
 k - a scroll of immolation {unknown}
 l - 2 scrolls of amnesia {unknown}
 m - a scroll of noise {unknown}
 r - 3 scrolls of remove curse {unknown}
Potions
 p - a potion of magic {unknown}
 w - a potion of lignification
 z - 2 potions of curing
Comestibles
 f - 5 rations


   Skills:
 + Level 5.1 Fighting
 + Level 2.3 Short Blades
 + Level 2.3 Long Blades
 + Level 2.3 Axes
 + Level 2.3 Maces & Flails
 + Level 2.3 Polearms
 + Level 2.3 Staves
 + Level 2.3 Slings
 + Level 2.3 Bows
 + Level 8.8 Crossbows
 + Level 2.3 Throwing
 + Level 2.3 Armour
 + Level 5.1 Dodging
 + Level 3.3 Stealth
 + Level 2.3 Shields
 + Level 2.3 Unarmed Combat
 + Level 2.3 Spellcasting
 + Level 1.8 Conjurations
 + Level 1.8 Hexes
 + Level 1.8 Charms
 + Level 1.8 Summonings
 + Level 1.8 Necromancy
 + Level 1.8 Translocations
 + Level 1.8 Transmutations
 + Level 1.8 Fire Magic
 + Level 1.8 Ice Magic
 + Level 1.8 Air Magic
 + Level 1.8 Earth Magic
 + Level 1.8 Poison Magic
 + Level 2.5 Invocations
 + Level 2.3 Evocations


You had 10 spell levels left.
You didn't know any spells.
Your spell library was empty.

Dungeon Overview and Level Annotations

Branches:
Dungeon (6/15)             Temple (1/1) D:6

Altars:
Elyvilon
Fedhas
Kikubaaqudgha
Nemelex Xobeh
Okawaru
Qazlal
Ru
Trog
Uskayaw
Wu Jian
Xom
Zin
The Shining One


Innate Abilities, Weirdness & Mutations

Your experience applies equally to all skills.
You have very sharp teeth.
Your uncanny sense of smell can sniff out nearby items.


Message History

The bolt of electricity hits you! The bolt of electricity misses you.
Firing (i - inventory. (/) - cycle)
d - 32 bolts (quivered)
Press: ? - help, Shift-Dir - straight line, f/p - electric eel
Aim: an electric eel You shoot a bolt.
The bolt hits the electric eel!
The electric eel is almost dead.
You hear a splash.
The electric eel shoots out a bolt of lightning at you!
The bolt of electricity hits you! The bolt of electricity misses you.
Firing (i - inventory. (/) - cycle)
d - 31 bolts (quivered)
Press: ? - help, Shift-Dir - straight line, f/p - electric eel
Aim: an electric eel (almost dead)
You shoot a bolt.
The bolt barely misses the electric eel.
You hear a splash.
The electric eel shoots out a bolt of lightning at you!
The bolt of electricity hits you!
* * * LOW HITPOINT WARNING * * *
The bolt of electricity hits you!
You die...

∆ ###'##### #..#
##''## #....# ≈
#....# ≈≈≈
#....#
≈≈≈;######....#
≈≈≈≈≈≈≈≈#.####.#
≈≈≈≈≈≈≈≈@## #≈≈
≈≈≈≈≈≈≈### ##≈
####### #


You could see an electric eel.

Vanquished Creatures
  An ice beast (D:6)
  2 bullfrogs (D:6)
  A howler monkey (D:6)
  An electric eel (D:6)
  A crimson imp (D:2)
  A bullfrog skeleton (D:6)
  An orc priest (D:6)
  A worker ant (D:6)
  3 gnolls
  2 worms (D:2)
  A dart slug (D:1)
  2 leopard geckos
  5 orcs
  2 ball pythons
  2 giant cockroaches (D:1)
  5 goblins
  12 hobgoblins
  3 jackals (D:1)
  2 quokkas
  7 bats
  4 frilled lizards
  6 kobolds
  2 leopard gecko skeletons (D:6)
  A quokka skeleton (D:6)
  5 rats
73 creatures vanquished.

Notes
Turn   | Place    | Note
-------+----------+-------------------------------------------
     0 | D:1      | Kagalorn the Gnoll Hunter began the quest for the Orb.
     0 | D:1      | Reached XP level 1. HP: 20/20 MP: 1/1
    53 | D:1      | Reached XP level 2. HP: 17/26 MP: 2/2
   299 | D:1      | Reached XP level 3. HP: 25/31 MP: 3/3
   831 | D:2      | Found a white marble altar of Elyvilon.
   855 | D:2      | Reached skill level 1 in Invocations
   881 | D:2      | Reached skill level 1 in Short Blades
   881 | D:2      | Reached skill level 1 in Long Blades
   881 | D:2      | Reached skill level 1 in Axes
   881 | D:2      | Reached skill level 1 in Maces & Flails
   881 | D:2      | Reached skill level 1 in Polearms
   881 | D:2      | Reached skill level 1 in Staves
   881 | D:2      | Reached skill level 1 in Slings
   881 | D:2      | Reached skill level 1 in Bows
   881 | D:2      | Reached skill level 1 in Throwing
   881 | D:2      | Reached skill level 1 in Armour
   881 | D:2      | Reached skill level 1 in Shields
   881 | D:2      | Reached skill level 1 in Unarmed Combat
   881 | D:2      | Reached skill level 1 in Spellcasting
   881 | D:2      | Reached skill level 1 in Evocations
   881 | D:2      | Reached XP level 4. HP: 34/38 MP: 5/5
  1057 | D:1      | Reached skill level 1 in Conjurations
  1057 | D:1      | Reached skill level 1 in Hexes
  1057 | D:1      | Reached skill level 1 in Charms
  1057 | D:1      | Reached skill level 1 in Summonings
  1057 | D:1      | Reached skill level 1 in Necromancy
  1057 | D:1      | Reached skill level 1 in Translocations
  1057 | D:1      | Reached skill level 1 in Transmutations
  1057 | D:1      | Reached skill level 1 in Fire Magic
  1057 | D:1      | Reached skill level 1 in Ice Magic
  1057 | D:1      | Reached skill level 1 in Air Magic
  1057 | D:1      | Reached skill level 1 in Earth Magic
  1057 | D:1      | Reached skill level 1 in Poison Magic
  1397 | D:2      | Found an ancient bone altar of Kikubaaqudgha.
  2004 | D:2      | Reached XP level 5. HP: 26/43 MP: 6/6
  2045 | D:3      | You fall into a shaft and drop 3 floors!
  2054 | D:6      | Reached XP level 6. HP: 39/50 MP: 8/8
  2129 | D:6      | Noticed an ice beast
  2140 | D:6      | Killed an ice beast
  2140 | D:6      | Reached skill level 5 in Fighting
  2140 | D:6      | Reached skill level 5 in Dodging
  2208 | D:6      | Found a staircase to the Ecumenical Temple.
  2217 | D:6      | Reached XP level 7. HP: 42/56 MP: 10/10
  2267 | Temple   | Entered the Ecumenical Temple
  2500 | D:6      | Got a dazzling hunting sling
  3463 | D:6      | Killed from afar by an electric eel

Levels and vault maps discovered:
D:1:      roderic_crop_circles_arrival_small, layout_loops_ring, minivault_26,
          st_stairs_3, corexii_hall_statues_i
D:2:      layout_basic, kiku_gazebo_pond_becter, elyvilon_altar_1
D:3:      layout_rooms, minitemple, first_ration, nicolae_gozag_seed_capital
D:6:      wad_lake_hut, layout_basic, minmay_temple_entry_wispy
Temple:   chequers_temple_sunken

Skill      XL: |  1  2  3  4  5  6 |
---------------+-------------------+-----
Invocations    | 1 2 |  2.5
Short Blades   | 1 2 |  2.3
Long Blades    | 1 2 |  2.3
Axes           | 1 2 |  2.3
Maces & Flails | 1 2 |  2.3
Polearms       | 1 2 |  2.3
Staves         | 1 2 |  2.3
Slings         | 1 2 |  2.3
Bows           | 1 2 |  2.3
Throwing       | 1 2 |  2.3
Armour         | 1 2 |  2.3
Shields        | 1 2 |  2.3
Unarmed Combat | 1 2 |  2.3
Spellcasting   | 1 2 |  2.3
Evocations     | 1 2 |  2.3
Conjurations   | 1 |  1.8
Hexes          | 1 |  1.8
Charms         | 1 |  1.8
Summonings     | 1 |  1.8
Necromancy     | 1 |  1.8
Translocations | 1 |  1.8
Transmutations | 1 |  1.8
Fire Magic     | 1 |  1.8
Ice Magic      | 1 |  1.8
Air Magic      | 1 |  1.8
Earth Magic    | 1 |  1.8
Poison Magic   | 1 |  1.8
Stealth        | 3 |  3.3
Fighting       | 5 |  5.1
Dodging        | 5 |  5.1
Crossbows      | |  8.8

Action                   |  1- 3 |  4- 6 |  7- 9 || total
-------------------------+-------+-------+-------++-------
Melee: Short sword       |   116 |   113 |     4 ||   233
       Bite              |    11 |     9 |     1 ||    21
       Quarterstaff      |       |       |     1 ||     1
 Fire: Hand crossbow     |    12 |    42 |    25 ||    79
Throw: Dart              |       |     5 |       ||     5
  Use: Potion            |       |     3 |       ||     3
 Stab: Sleeping          |     1 |       |       ||     1
  Eat: Chunk             |       |     5 |       ||     5
       Ration            |       |       |     1 ||     1
Armor: Leather armour    |    18 |       |       ||    18
       Scale mail        |    35 |    24 |     1 ||    60
Dodge: Dodged            |    88 |    67 |     8 ||   163

Table legend:
 A = Non-vault XP
 B = Vault XP
 C = Vault XP percentage of total XP
 D = Non-vault monster count
 E = Vault monster count
 F = Vault count percentage of total count
                 A         B        C        D         E       F
            +---------+---------+-------+---------+---------+-------
      Total |     732 |       7 |   0.9 |      70 |       3 |   4.1
            +---------+---------+-------+---------+---------+-------
        D:1 |      57 |       7 |  10.9 |      27 |       3 |  10.0
        D:2 |     121 |       0 |   0.0 |      25 |       0 |   0.0
        D:3 |       3 |       0 |   0.0 |       2 |       0 |   0.0
        D:6 |     551 |       0 |   0.0 |      16 |       0 |   0.0
            +---------+---------+-------+---------+---------+-------
